MID
KANE COUNTY COUGARS @ CEDAR RAPIDS KERNELS
06/15/2099
 
TOP OF THE 1ST
Kane County Cougars batting - Pitching for Cedar Rapids Kernels : RHP Matt Melland
Pitching: RHP Matt Melland
Batting: RHB Travis Ramirez 0-0: Fly out, F9 (Flyball, 89S, EV 84.4 MPH)
Batting: LHB Aaron Quintanilla 0-0: Ball
1-0: Ball
2-0: Ball
3-0: Base on Balls
Batting: RHB John Shirley 0-0: Called Strike
0-1: Ball
1-1: Ball
2-1: Swinging Strike
2-2: Foul Ball, location: 7LSF
2-2: Foul Ball, location: 7LMF
2-2: Foul Ball, location: 23F
2-2: Ball
3-2: Base on Balls
Aaron Quintanilla to second
Batting: LHB Luis Alvarez 0-0: Ball
1-0: Swinging Strike
1-1: Ball
2-1: Foul Ball, location: 23F
2-2: Strikes out looking
Batting: SHB Brian Warfel 0-0: Swinging Strike
0-1: Ball
1-1: Foul Ball, location: 5F
1-2: Strikes out swinging
Top of the 1st over - 0 runs, 0 hits, 0 errors, 2 left on base; Kane County 0 - Cedar Rapids 0
BOTTOM OF THE 1ST
Cedar Rapids Kernels batting - Pitching for Kane County Cougars : LHP Nate Snipes
Pitching: LHP Nate Snipes
Batting: RHB Jose Pedrosa 0-0: Swinging Strike
0-1: Foul Ball, location: 25F
0-2: Ball
1-2: Ball
2-2: Foul Ball, location: 2F
2-2: Ball
3-2: Ground out 6-3 (Groundball, 6, EV 85.6 MPH)
Batting: RHB Marty Beckman 0-0: Called Strike
0-1: Ball
1-1: Ball
2-1: SINGLE (Line Drive, 9S, EV 83.1 MPH)
Batting: LHB Chris Ray 0-0: Called Strike
0-1: Ball
1-1: Ball
2-1: Foul Ball, location: 3FF
2-2: Foul Ball, location: 2F
2-2: Ball
3-2: Foul Ball, location: 7LDF
3-2: Fielders Choice at 2nd, 1-6 (Groundball, 13S, EV 67.5 MPH)
Batting: RHB Ken Vinson 0-0: Ball
1-0: Ball
2-0: Ball
3-0: Base on Balls
Chris Ray to second
Batting: RHB Francisco Villanueva 0-0: Called Strike
0-1: Called Strike
0-2: Ball
1-2: Foul Ball, location: 3SF
1-2: Ball
2-2: Strikes out swinging
Bottom of the 1st over - 0 runs, 1 hit, 0 errors, 2 left on base; Kane County 0 - Cedar Rapids 0
TOP OF THE 2ND
Kane County Cougars batting - Pitching for Cedar Rapids Kernels : RHP Matt Melland
Batting: LHB Daniel Evans 0-0: Called Strike
0-1: Ground out 1-3 (Groundball, 13S, EV 76.3 MPH)
Batting: SHB Bobby Chase 0-0: Foul Ball, location: 2F
0-1: Ball
1-1: Foul Ball, location: 2F
1-2: Ball
2-2: Strikes out looking
Batting: RHB Jim Unknown 0-0: Ball
1-0: Ball
2-0: Ball
3-0: Called Strike
3-1: Foul Ball, location: 2F
3-2: Ground out 5-3 (Groundball, 5L, EV 99.4 MPH)
Top of the 2nd over - 0 runs, 0 hits, 0 errors, 0 left on base; Kane County 0 - Cedar Rapids 0
BOTTOM OF THE 2ND
Cedar Rapids Kernels batting - Pitching for Kane County Cougars : LHP Nate Snipes
Batting: RHB Divino Corinha 0-0: Ball
1-0: Called Strike
1-1: Ball
2-1: Ball
3-1: Foul Ball, location: 9LDF
3-2: Foul Ball, location: 9LSF
3-2: Base on Balls
Batting: LHB Mike Contreras 0-0: DOUBLE (Line Drive, 7LM, EV 105.0 MPH)
Divino Corinha to third
Pinch Runner at 2nd Andres Camacho:
Batting: RHB Bryan Ruiz 0-0: Foul Ball, location: 2F
0-1: Ball
1-1: Foul Ball, location: 9LMF
1-2: Ball
2-2: Strikes out looking
Batting: SHB Tony Ortiz 0-0: Called Strike
0-1: Ball
1-1: Swinging Strike
1-2: Foul Ball, location: 3SF
1-2: Foul Ball, location: 3F
1-2: Ball
2-2: Foul Ball, location: 7LDF
2-2: Foul Ball, location: 3SF
2-2: Ball
3-2: SINGLE (Line Drive, 4MD, EV 101.3 MPH)
Divino Corinha scores
Andres Camacho to third
Runner from 3rd tries for Home, SAFE, throw by CF to home
Batting: RHB Jose Pedrosa 0-0: Ball
1-0: Foul Ball, location: 2F
1-1: SINGLE (Line Drive, 9S, EV 98.8 MPH)
Tony Ortiz to second
Tony Ortiz to third
Batting: RHB Marty Beckman 0-0: Swinging Strike
0-1: Foul Ball, location: 9LSF
0-2: Fly out, F8 (Flyball, 8LS, EV 93.1 MPH)
Batting: LHB Chris Ray 0-0: Ball
1-0: Ball
2-0: Ball
3-0: Called Strike
3-1: Fly out, F8 (Flyball, 8RS, EV 95.6 MPH)
Bottom of the 2nd over - 2 runs, 3 hits, 0 errors, 2 left on base; Kane County 0 - Cedar Rapids 2
TOP OF THE 3RD
Kane County Cougars batting - Pitching for Cedar Rapids Kernels : RHP Matt Melland
Now at C: Jeremy Stum
Batting: RHB Jim Unknown 0-0: Ball
1-0: Ball
2-0: Called Strike
2-1: Foul Ball, location: 9LSF
2-2: Foul Ball, location: 2F
2-2: Ball
3-2: Foul Ball, location: 2F
3-2: Foul Ball, location: 25FF
3-2: Base on Balls
Batting: RHB Travis Ramirez 0-0: Bunt missed!
0-1: SINGLE (Groundball, 6MD, EV 98.1 MPH)
Jim Unknown to second
Runner from 2nd tries for 3rd, SAFE, throw by CF made to third
Batting: LHB Aaron Quintanilla 0-0: Fielders Choice at 2nd, 1-6 (Groundball, 23, EV 71.9 MPH)
Now at SS: Kevin Bell
Batting: RHB John Shirley 0-0: Called Strike
0-1: Foul Ball, location: 9LSF
0-2: Ball
1-2: Foul Ball, location: 2F
1-2: Ball
2-2: SINGLE (Line Drive, 7S, EV 108.1 MPH)
Jim Unknown scores
Aaron Quintanilla to second
Batting: LHB Luis Alvarez 0-0: Hit by Pitch
Aaron Quintanilla to third
John Shirley to second
Batting: SHB Brian Warfel 0-0: Foul Ball, location: 5F
0-1: Foul Ball, location: 2F
0-2: SINGLE (Flyball, 7LS, EV 91.3 MPH)
Aaron Quintanilla scores
John Shirley to third
Luis Alvarez to second
Batting: LHB Daniel Evans 0-0: Foul Ball, location: 2LF
0-1: Ball
1-1: Ball
2-1: Foul Ball, location: 9LDF
2-2: Ball
3-2: Base on Balls
John Shirley scores
Luis Alvarez to third
Brian Warfel to second
Batting: SHB Bobby Chase 0-0: SINGLE (Groundball, 4D, EV 105.0 MPH)
Luis Alvarez scores
Brian Warfel to third
Daniel Evans to second
Batting: RHB Jim Unknown 0-0: Ball
1-0: Ball
Wild Pitch!
Brian Warfel scores
Daniel Evans to third
Bobby Chase to second
2-0: Ball
3-0: Called Strike
3-1: Base on Balls
Batting: RHB Jim Unknown 0-0: Ball
1-0: Foul Ball, location: 3FF
1-1: Swinging Strike
1-2: Strikes out looking
Batting: RHB Travis Ramirez 0-0: Ball
1-0: Ball
2-0: Fielders Choice at 2nd, U4 (Groundball, 4M, EV 83.8 MPH)
Top of the 3rd over - 5 runs, 4 hits, 0 errors, 3 left on base; Kane County 5 - Cedar Rapids 2
BOTTOM OF THE 3RD
Cedar Rapids Kernels batting - Pitching for Kane County Cougars : LHP Nate Snipes
Batting: RHB Ken Vinson 0-0: Ball
1-0: Ball
2-0: Ball
3-0: Called Strike
3-1: Base on Balls
Batting: RHB Kevin Bell 0-0: Called Strike
0-1: Ball
Ken Vinson steals 2nd base
1-1: Called Strike
1-2: Ball
2-2: Foul Ball, location: 2F
2-2: Ball
3-2: Base on Balls
Batting: RHB Divino Corinha 0-0: Called Strike
0-1: Ball
1-1: Foul Ball, location: 5FF
1-2: Ball
2-2: Foul Ball, location: 9LMF
2-2: Strikes out looking
Batting: RHB Jeremy Stum 0-0: Ball
1-0: Called Strike
1-1: Foul Ball, location: 9LDF
1-2: Foul Ball, location: 2F
1-2: Grounds into double play, 5-4-3 (Groundball, 56S, EV 87.5 MPH)
Bottom of the 3rd over - 0 runs, 0 hits, 0 errors, 1 left on base; Kane County 5 - Cedar Rapids 2
TOP OF THE 4TH
Kane County Cougars batting - Pitching for Cedar Rapids Kernels : RHP Matt Melland
Batting: LHB Aaron Quintanilla 0-0: Foul Ball, location: 5F
0-1: Swinging Strike
0-2: Fly out, F8 (Flyball, 8RM, EV 93.1 MPH)
Batting: RHB John Shirley 0-0: Called Strike
0-1: Foul Ball, location: 2F
0-2: Ground out 5-3 (Groundball, 56S, EV 77.5 MPH)
Batting: LHB Luis Alvarez 0-0: Called Strike
0-1: Foul Ball, location: 3F
0-2: Ball
1-2: Hit by Pitch
Batting: SHB Brian Warfel 0-0: Ball
1-0: Ball
Luis Alvarez steals 2nd base
2-0: Ball
3-0: Called Strike
3-1: Foul Ball, location: 7LSF
3-2: Fly out, F2 (Popup, 2LF, EV 90.6 MPH)
Top of the 4th over - 0 runs, 0 hits, 0 errors, 1 left on base; Kane County 5 - Cedar Rapids 2
BOTTOM OF THE 4TH
Cedar Rapids Kernels batting - Pitching for Kane County Cougars : LHP Nate Snipes
Batting: RHB Bryan Ruiz 0-0: Foul Ball, location: 9LMF
0-1: Foul Ball, location: 2F
0-2: Foul Ball, location: 9LSF
0-2: Ball
1-2: Strikes out swinging
Batting: SHB Tony Ortiz 0-0: Ball
1-0: Swinging Strike
1-1: Swinging Strike
1-2: Strikes out swinging
Batting: RHB Jose Pedrosa 0-0: Ground out 6-3 (Groundball, 6S, EV 61.9 MPH)
Bottom of the 4th over - 0 runs, 0 hits, 0 errors, 0 left on base; Kane County 5 - Cedar Rapids 2
TOP OF THE 5TH
Kane County Cougars batting - Pitching for Cedar Rapids Kernels : RHP Matt Melland
Batting: LHB Daniel Evans 0-0: Called Strike
0-1: Ball
1-1: Ball
2-1: Swinging Strike
2-2: Strikes out swinging
Batting: SHB Bobby Chase 0-0: Ball
1-0: Foul Ball, location: 3F
1-1: Called Strike
1-2: Foul Ball, location: 2F
1-2: Ball
2-2: Fly out, F7 (Flyball, 7D, EV 109.4 MPH)
Pitching: RHP Alfredo Perez
Batting: RHB Jim Unknown 0-0: Foul Ball, location: 9LSF
0-1: Ball
1-1: Ball
2-1: Ball
3-1: Foul Ball, location: 2F
3-2: Strikes out looking
Top of the 5th over - 0 runs, 0 hits, 0 errors, 0 left on base; Kane County 5 - Cedar Rapids 2
BOTTOM OF THE 5TH
Cedar Rapids Kernels batting - Pitching for Kane County Cougars : LHP Nate Snipes
Pitching: LHP Jim Unknown
Batting: RHB Marty Beckman 0-0: Foul Ball, location: 25FF
0-1: Swinging Strike
0-2: Ground out 6-3 (Groundball, 6, EV 101.3 MPH)
Batting: LHB Chris Ray 0-0: SINGLE (Line Drive, 89M, EV 91.3 MPH)
Batting: RHB Ken Vinson 0-0: Ball
1-0: Called Strike
1-1: Foul Ball, location: 2F
1-2: Ball
2-2: Foul Ball, location: 2F
2-2: Ball
3-2: Base on Balls
Chris Ray to second
Batting: RHB Kevin Bell 0-0: Called Strike
0-1: Ball
1-1: Ball
2-1: Fly out, F8 (Line Drive, 8RM, EV 85.0 MPH)
Batting: RHB Divino Corinha 0-0: Fly out, F8 (Flyball, 8LD, EV 85.6 MPH)
Bottom of the 5th over - 0 runs, 1 hit, 0 errors, 2 left on base; Kane County 5 - Cedar Rapids 2
TOP OF THE 6TH
Kane County Cougars batting - Pitching for Cedar Rapids Kernels : RHP Alfredo Perez
Batting: RHB Jim Unknown 0-0: Ball
1-0: Called Strike
1-1: Ball
2-1: Foul Ball, location: 7LSF
2-2: Ground out 6-3 (Groundball, 56, EV 93.8 MPH)
Batting: RHB Travis Ramirez 0-0: Ball
1-0: Called Strike
1-1: Swinging Strike
1-2: Ball
2-2: Foul Ball, location: 2RF
2-2: Ball
3-2: Fly out, F8 (Flyball, 8RM, EV 86.9 MPH)
Batting: LHB Aaron Quintanilla 0-0: Ball
1-0: Called Strike
1-1: Called Strike
1-2: Ball
2-2: Ball
3-2: Ground out 4-3 (Groundball, 4MD, EV 95.6 MPH)
Top of the 6th over - 0 runs, 0 hits, 0 errors, 0 left on base; Kane County 5 - Cedar Rapids 2
BOTTOM OF THE 6TH
Cedar Rapids Kernels batting - Pitching for Kane County Cougars : LHP Jim Unknown
Batting: RHB Jeremy Stum 0-0: Ball
1-0: Ball
2-0: Called Strike
2-1: Fly out, F9 (Flyball, 9, EV 76.3 MPH)
Batting: RHB Bryan Ruiz 0-0: Called Strike
0-1: SOLO HOME RUN (Line Drive, 78XD, EV 112.5 MPH), Distance : 410 ft
Batting: SHB Tony Ortiz 0-0: Foul Ball, location: 3SF
0-1: Foul Ball, location: 23F
0-2: Ball
1-2: Ball
2-2: Strikes out swinging
Batting: RHB Jose Pedrosa 0-0: Ball
1-0: Foul Ball, location: 2F
1-1: Called Strike
1-2: Ground out 4-3 (Groundball, 4, EV 80.6 MPH)
Bottom of the 6th over - 1 run, 1 hit, 0 errors, 0 left on base; Kane County 5 - Cedar Rapids 3
TOP OF THE 7TH
Kane County Cougars batting - Pitching for Cedar Rapids Kernels : RHP Alfredo Perez
Pitching: RHP David Perez
Batting: RHB John Shirley 0-0: Ball
1-0: Called Strike
1-1: Swinging Strike
1-2: Ground out 6-3 (Groundball, 6, EV 98.1 MPH)
Batting: LHB Luis Alvarez 0-0: Foul Ball, location: 7LDF
0-1: Foul Ball, location: 23F
0-2: Ball
1-2: Ball
2-2: Ball
3-2: Strikes out swinging
Batting: SHB Brian Warfel 0-0: SINGLE (Line Drive, 34D, EV 100.6 MPH)
Batting: LHB Daniel Evans 0-0: Called Strike
Brian Warfel steals 2nd base
0-1: Foul Ball, location: 5F
0-2: Ball
1-2: Ground out U3 (Groundball, 34, EV 86.9 MPH)
Top of the 7th over - 0 runs, 1 hit, 0 errors, 1 left on base; Kane County 5 - Cedar Rapids 3
BOTTOM OF THE 7TH
Cedar Rapids Kernels batting - Pitching for Kane County Cougars : LHP Jim Unknown
Batting: RHB Marty Beckman 0-0: Ball
1-0: Foul Ball, location: 9LMF
1-1: Swinging Strike
1-2: Ball
2-2: Ball
3-2: Foul Ball, location: 2F
3-2: Strikes out swinging
Batting: LHB Chris Ray 0-0: SINGLE (Line Drive, 8RS, EV 95.0 MPH)
Batting: RHB Ken Vinson 0-0: Swinging Strike
0-1: Swinging Strike
0-2: Ball
1-2: Strikes out swinging
Batting: RHB Kevin Bell 0-0: Ball
1-0: Ball
2-0: Ball
3-0: Base on Balls
Chris Ray to second
Pitching: RHP Jim Unknown
Batting: RHB Divino Corinha 0-0: Ball
1-0: Ball
2-0: Called Strike
2-1: Fly out, F7 (Flyball, 78S, EV 78.1 MPH)
Bottom of the 7th over - 0 runs, 1 hit, 0 errors, 2 left on base; Kane County 5 - Cedar Rapids 3
TOP OF THE 8TH
Kane County Cougars batting - Pitching for Cedar Rapids Kernels : RHP David Perez
Batting: SHB Bobby Chase 0-0: Called Strike
0-1: Ball
1-1: Swinging Strike
1-2: Foul Ball, location: 2F
1-2: Foul Ball, location: 2F
1-2: SINGLE (Line Drive, 78M, EV 95.0 MPH)
Pitching: RHP Steve Jacobson
Batting: RHB Jim Unknown 0-0: Called Strike
0-1: Foul Ball, location: 3FF
0-2: Ball
1-2: Ball
2-2: Foul Ball, location: 2F
2-2: SINGLE (Groundball, 4MS, EV 63.1 MPH) (infield hit)
Bobby Chase to second
Pinch Hitting: RHB Luke Arnold 0-0: Swinging Strike
0-1: Called Strike
0-2: Ball
1-2: Foul Ball, location: 2F
1-2: DOUBLE (Line Drive, 9LS, EV 97.5 MPH)
Bobby Chase scores
Jim Unknown to third
Batting: RHB Travis Ramirez 0-0: Ball
1-0: Ball
2-0: Ball
3-0: Base on Balls
Batting: LHB Aaron Quintanilla 0-0: Ball
1-0: Foul Ball, location: 2F
1-1: Ball
2-1: Swinging Strike
2-2: Ball
3-2: Foul Ball, location: 3FF
3-2: Strikes out swinging
Pitching: RHP Manny Montana
Batting: RHB John Shirley 0-0: Ball
1-0: Foul Ball, location: 2F
1-1: Ball
2-1: Foul Ball, location: 7LSF
2-2: Fly out, F9 (Flyball, 9LM, EV 91.9 MPH)
Runner from 3rd tags up, SCORES, throw by RF
Batting: LHB Luis Alvarez 0-0: Ball
1-0: Foul Ball, location: 2F
1-1: Ball
2-1: Ball
3-1: DOUBLE (Line Drive, 89D, EV 88.8 MPH)
Luke Arnold scores
Travis Ramirez to third
Runner from 3rd tries for Home, SAFE, throw by RF to home
Batting: SHB Brian Warfel 0-0: Swinging Strike
0-1: Ball
1-1: Foul Ball, location: 2F
1-2: Ball
2-2: SINGLE (Line Drive, 5L, EV 103.1 MPH)
Luis Alvarez to third
Runner from 3rd tries for Home, SAFE, throw by LF to home
Pinch Hitting: RHB Jim Unknown 0-0: Ball
1-0: Ball
2-0: Ball
3-0: Called Strike
3-1: Base on Balls
Brian Warfel to second
Pitching: RHP Press Kitchen
Batting: SHB Bobby Chase 0-0: Ball
1-0: Ball
2-0: Ball
3-0: Called Strike
3-1: Swinging Strike
3-2: Strikes out looking
Top of the 8th over - 5 runs, 5 hits, 0 errors, 2 left on base; Kane County 10 - Cedar Rapids 3
BOTTOM OF THE 8TH
Cedar Rapids Kernels batting - Pitching for Kane County Cougars : RHP Jim Unknown
Now at 1B: Luke Arnold
Now at 2B: Jim Unknown
Batting: RHB Jeremy Stum 0-0: Ball
1-0: Called Strike
1-1: Ball
2-1: Fly out, F3 (Popup, 3L, EV 70.0 MPH)
Batting: RHB Bryan Ruiz 0-0: Called Strike
0-1: Called Strike
0-2: Ball
1-2: Strikes out looking
Batting: SHB Tony Ortiz 0-0: Ball
1-0: Hit by Pitch
Batting: RHB Jose Pedrosa 0-0: Called Strike
0-1: Called Strike
0-2: Ball
1-2: Foul Ball, location: 5SF
1-2: Strikes out swinging
Bottom of the 8th over - 0 runs, 0 hits, 0 errors, 1 left on base; Kane County 10 - Cedar Rapids 3
TOP OF THE 9TH
Kane County Cougars batting - Pitching for Cedar Rapids Kernels : RHP Press Kitchen
Batting: RHB Jim Unknown 0-0: Called Strike
0-1: Ball
1-1: Ball
2-1: Swinging Strike
2-2: Foul Ball, location: 5FF
2-2: Strikes out swinging
Batting: RHB Luke Arnold 0-0: Fly out, F8 (Flyball, 89M, EV 88.1 MPH)
Pinch Hitting: RHB Jim Unknown 0-0: Ball
1-0: Ground out U3 (Groundball, 34, EV 101.9 MPH)
Top of the 9th over - 0 runs, 0 hits, 0 errors, 0 left on base; Kane County 10 - Cedar Rapids 3
BOTTOM OF THE 9TH
Cedar Rapids Kernels batting - Pitching for Kane County Cougars : RHP Jim Unknown
Now at 3B: Jim Unknown
Now in LF: Brian Warfel
Batting: RHB Marty Beckman 0-0: Ball
1-0: Ball
2-0: Called Strike
2-1: Ball
3-1: Fly out, F9 (Flyball, 89M, EV 99.4 MPH)
Batting: LHB Chris Ray 0-0: Called Strike
0-1: Ball
1-1: Ball
2-1: Swinging Strike
2-2: Fly out, F5 (Popup, 25F, EV 92.5 MPH)
Batting: RHB Ken Vinson 0-0: Called Strike
0-1: Ground out 6-3 (Groundball, 6M, EV 96.9 MPH)
Bottom of the 9th over - 0 runs, 0 hits, 0 errors, 0 left on base; Kane County 10 - Cedar Rapids 3
Thursday, May 9th , 2024 - OOTP Baseball 24.11 Build 85